 Dungeon Crawl Stone Soup version 0.22.0-2-ge58baed0e8 (webtiles) character file.

102 Rerark the Shield-Bearer (level 5, 0/42 HPs)
             Began as a Formicid Fighter on Aug 12, 2018.
             Slain by Natasha (5 damage)
             ... on level 4 of the Dungeon.
             The game lasted 00:19:07 (2637 turns).

Rerark the Shield-Bearer (Formicid Fighter)         Turns: 2637, Time: 00:19:10

Health: 0/42       AC:  7    Str: 22    XL:     5   Next: 5%
Magic:  5/5        EV:  8    Int:  7    God:
Gold:   260        SH:  9    Dex: 10    Spells: 4/4 levels left

rFire    . . .     SeeInvis +   a - +0 war axe
rCold    . . .     Gourm    .   c - +0 shield
rNeg     . . .     Faith    .   b - +0 scale mail
rPois    .         Spirit   .   (helmet unavailable)
rElec    .         Reflect  .   (no cloak)
rCorr    .         Harm     .   (no gloves)
MR       .....                  (no boots)
Stlth    ..........             (no amulet)
HPRegen  0.14/turn              (no ring)
MPRegen  0.09/turn              (no ring)

@: no status effects
A: permanent stasis, dig shafts and tunnels, four strong arms, antennae 3
a: Dig, Shaft Self


You were on level 4 of the Dungeon.
You were not hungry.

You visited 1 branch of the dungeon, and saw 4 of its levels.

You collected 260 gold pieces.

Inventory:

Hand Weapons
 a - a +0 war axe (weapon)
 r - a +0 war axe
Missiles
 e - 13 tomahawks (quivered) {W}
 i - 58 bolts
 m - 5 poisoned javelins
Armour
 b - a +0 scale mail (worn)
 c - a +0 shield (worn)
 g - a +0 leather armour
 k - a +0 ring mail
 p - a +0 ring mail
 v - a +0 chain mail
Scrolls
 h - 2 scrolls of teleportation {unknown}
 j - 2 scrolls of random uselessness {unknown}
 n - 2 scrolls of amnesia {unknown}
 q - a scroll of magic mapping {unknown}
 s - 3 scrolls of identify {unknown}
 u - a scroll of fog {unknown}
Potions
 d - a potion of might
 f - 2 potions of degeneration {unknown}
 l - a potion of mutation {unknown}
 t - a potion of brilliance {unknown}
 w - a potion of heal wounds {unknown}
Comestibles
 o - 5 rations


   Skills:
 + Level 4.0 Fighting
 * Level 3.1 Axes
 + Level 3.7 Armour
 + Level 0.3 Dodging
 + Level 0.2 Stealth
 + Level 4.5 Shields


You had 4 spell levels left.
You didn't know any spells.
Your spell library was empty.

Dungeon Overview and Level Annotations

Branches:
Dungeon (4/15)
 Temple: D:4-7

Altars:
Ashenzari
Cheibriados
Makhleb
Trog

Annotations:
D:4 Natasha


Innate Abilities, Weirdness & Mutations

You cannot be hasted, slowed, berserked, paralysed or teleported.
You can dig through walls and to a lower floor.
Your four strong arms can wield two-handed weapons with a shield.
You have a pair of large antennae on your head. (SInv)


Message History

Natasha claws you but does no damage. You block the orc wizard's attack.
The shadow imp barely misses you.
Natasha zaps a wand.
You resist with some effort.
It is a wand of polymorph (15).
New annotation for D:4 (include '!' for warning):
Okay, then.
There are monsters nearby!
You miss the orc wizard.
The orc wizard is severely wounded.
You hit Natasha but do no damage.
You hit the shadow imp but do no damage.
The orc wizard closely misses you. You block the shadow imp's attack.
You block Natasha's attack.
You hit the orc wizard.
The orc wizard is severely wounded.
You hit Natasha. You closely miss the shadow imp.
The orc wizard hits you but does no damage.
The shadow imp hits you.
* * * LOW HITPOINT WARNING * * *
Natasha claws you.
You die...

#.#.#.#.#.#............
......#†.........#.#..##
.....<..>.######.#.#..#
#.#...#................
#.#.#..#######.#.#..
#.#.......# .#
...........#
##.#.....o5####.# #
#.....@h......
#....####....# #.....
..... ......# ..#
###....# .# #.#.. . #.


You could see an orc wizard, Natasha and a shadow imp.

Vanquished Creatures
  A worker ant (D:4)
  3 adders
  An ooze (D:1)
  A worm (D:3)
  A dart slug (D:1)
  3 leopard geckos (D:3)
  3 orcs (D:4)
  2 giant cockroaches
  4 goblins
  3 hobgoblins (D:1)
  4 jackals (D:3)
  5 bats
  A frilled lizard (D:3)
  2 kobolds
  4 rats
38 creatures vanquished.

Notes
Turn   | Place    | Note
-------+----------+-------------------------------------------
     0 | D:1      | Rerark the Formicid Fighter began the quest for the Orb.
     0 | D:1      | Reached XP level 1. HP: 18/18 MP: 1/1
    94 | D:1      | Reached XP level 2. HP: 13/24 MP: 2/2
   935 | D:2      | Reached XP level 3. HP: 28/30 MP: 3/3
   955 | D:2      | Found a snail-covered altar of Cheibriados.
  1285 | D:2      | Found a shattered altar of Ashenzari.
  1977 | D:3      | Reached XP level 4. HP: 30/37 MP: 4/4
  2039 | D:3      | Found a bloodstained altar of Trog.
  2185 | D:3      | Found a burning altar of Makhleb.
  2623 | D:4      | Noticed Natasha
  2630 | D:4      | Reached XP level 5. HP: 34/42 MP: 5/5
  2637 | D:4      | Slain by Natasha

Skill      XL: |  1  2  3  4 |
---------------+-------------+-----
Shields        | 4 |  4.5
Fighting       | 4 |  4.0
Axes           | 3 |  3.1
Armour         | |  3.7
Dodging        | |  0.3
Stealth        | |  0.2

Action                   |  1- 3 |  4- 6 || total
-------------------------+-------+-------++-------
Melee: War axe           |    74 |    73 ||   147
Throw: Tomahawk          |     1 |       ||     1
  Use: Scroll            |     1 |       ||     1
  Eat: Ration            |     2 |       ||     2
Armor: Scale mail        |    46 |    36 ||    82
Dodge: Dodged            |    32 |    34 ||    66
Block: Shield            |    55 |    41 ||    96
